 Dungeon Crawl Stone Soup version 0.24.0-13-gcf9b3192b9 (webtiles) character file.

Game seed: 2043354649668765601, levelgen mode: deterministic

10762 EnegeticOcto the Cleaver (level 11, 0/99 HPs)
             Began as a Deep Dwarf Fighter on Nov 10, 2019.
             Was a Priest of Makhleb.
             Slain by a large abomination (19 damage)
             ... led by an Executioner
             ... on level 2 of the Abyss.
             The game lasted 00:09:09 (6532 turns).

EnegeticOcto the Cleaver (Deep Dwarf Fighter)       Turns: 6532, Time: 00:09:10

Health: 0/99       AC: 19    Str: 27    XL:     11   Next: 40%
Magic:  1/1        EV: 10    Int: 10    God:    Makhleb [***...]
Gold:   288        SH: 17    Dex: 15    Spells: 10/10 levels left

rFire    . . .     SeeInvis .   a - +0 war axe
rCold    x . .     Gourm    .   c - +0 shield
rNeg     . . .     Faith    .   j - +0 plate armour
rPois    .         Spirit   .   f - +1 helmet "Gesastya" {rC- rCorr Str+5 Dex+3}
rElec    .         Reflect  +   (no cloak)
rCorr    +         Harm     .   k - +1 pair of gloves
MR       +....                  l - +0 pair of boots
Stlth    ..........             v - +5 amulet of reflection
HPRegen  0.00/turn              u - ring of Shadows {Umbra +Inv Stlth+}
MPRegen  0.07/turn              (no ring)

@: non-regenerating, wreathed by umbra
A: damage resistance, heal wounds, sense surroundings 2, no regeneration
a: Heal Wounds, Minor Destruction, Lesser Servant of Makhleb, Renounce Religion,
Evoke Invisibility


You were on level 2 of the Abyss.
You worshipped Makhleb.
Makhleb was most pleased with you.
You were very hungry.

You visited 2 branches of the dungeon, and saw 10 of its levels.
You visited the Abyss 1 time.
You also visited: Bailey.

You collected 387 gold pieces.
You spent 99 gold pieces at shops.

Inventory:

Hand Weapons
 a - a +0 war axe (weapon)
 q - a +5 demon blade of venom
Armour
 c - a +0 shield (worn)
 f - the +1 helmet "Gesastya" (worn) {rC- rCorr Str+5 Dex+3}
   (You took it off Robin on level 4 of the Dungeon)

   It affects your strength (+5).
   It affects your dexterity (+3).
   It makes you vulnerable to cold.
   It provides partial protection from all sources of acid and corrosion.
 j - a +0 plate armour (worn)
 k - a +1 pair of gloves (worn)
 l - a +0 pair of boots (worn)
Jewellery
 u - the ring of Shadows (left hand) {Umbra +Inv Stlth+}
   (You found it on level 4 of the Dungeon)

   [ring of stealth]

   It lets you turn invisible.
   It makes you more stealthy.
 v - a +5 amulet of reflection (around neck)
Wands
 w - a wand of digging (7)
 x - a wand of enslavement (6)
Scrolls
 d - a scroll of immolation
 g - 7 scrolls of identify {@r1}
 h - 2 scrolls of teleportation {@r3}
 n - 3 scrolls of fog
 r - a scroll of enchant armour
 y - a scroll of magic mapping {@r5}
Potions
 b - 3 potions of cancellation
 i - 6 potions of curing {@q1}
 m - 3 potions of heal wounds {@q2}
 o - a potion of agility {unknown}
 p - 2 potions of flight
 s - 3 potions of lignification {@q6}
 t - a potion of ambrosia
 z - a potion of mutation
Comestibles
 e - 16 rations


   Skills:
 + Level 6.5 Fighting
 * Level 10.2 Axes
 + Level 7.9 Armour
 + Level 6.8 Dodging
 + Level 7.8 Shields
 * Level 9.2 Invocations
 + Level 7.0 Evocations


You had 10 spell levels left.
You didn't know any spells.
Your spell library contained the following spells:

 Spells                   Type           Power        Failure   Level  Hunger
 Animate Skeleton         Necr           N/A          100%        1    ##.....
 Apportation              Tloc           #.....       100%        1    ##.....
 Confusing Touch          Hex            #.....       100%        1    ##.....
 Flame Tongue             Conj/Fire      #....        100%        1    ##.....
 Magic Dart               Conj           #...         100%        1    ##.....
 Shock                    Conj/Air       #...         100%        1    ##.....
 Summon Small Mammal      Summ           #...         100%        1    ##.....
 Blink                    Tloc           N/A          100%        2    ###....
 Call Imp                 Summ           #.......     100%        2    ###....
 Slow                     Hex            #.......     100%        2    ###....
 Conjure Flame            Conj/Fire      #.......     100%        3    ####...
 Mephitic Cloud           Conj/Pois/Air  #.......     100%        3    ####...
 Conjure Ball Lightning   Conj/Air       #.........   100%        6    #######
 Tornado                  Air            #.........   100%        9    #######


Dungeon Overview and Level Annotations

Branches:
Dungeon (9/15)             Temple (1/1) D:6            Lair (0/6) D:8
    Orc (0/2) D:9          Bailey (visited)

Altars:
Ashenzari
Cheibriados
Dithmenos
Elyvilon
Fedhas
Gozag
Hepliaklqana
Kikubaaqudgha
Makhleb
Nemelex Xobeh
Okawaru
Qazlal
Ru
Sif Muna
Trog
Uskayaw
Vehumet
Wu Jian
Xom
Yredelemnul
Zin
The Shining One

Shops:
D:4 *?:(!   D:6 *%*

Annotations:
D:7 Prince Ribbit


Innate Abilities, Weirdness & Mutations

You are resistant to damage.
You can heal yourself by infusing magical energy.
You passively map the area around you.
You do not regenerate.


Message History

The Executioner barely misses you. The Executioner hits you.
The small abomination hits you.
* * * LOW HITPOINT WARNING * * *
The Executioner gestures at you.
You easily resist.
The large abomination hits you.
* * * LOW HITPOINT WARNING * * *
You are too injured to fight recklessly!
You are too injured to fight recklessly!
You are too injured to fight recklessly!
You are too injured to fight recklessly!
Your magical essence is drained by the effort!
You feel much better. The Executioner hits you.
The Executioner hits you but does no damage.
The Executioner hits you!
The Executioner hits you but does no damage.
You block the Executioner's attack. x2
The small abomination closely misses you.
The large abomination hits you! You block the Executioner's attack. x2
The Executioner hits you but does no damage.
You are too injured to fight recklessly!
You feel much better. The Executioner gestures at you.
Pain shoots through your body!
You block the small abomination's attack.
The Executioner hits you but does no damage.
You block the Executioner's attack. x2; The small abomination hits you!
The large abomination hits you!!
* * * LOW HITPOINT WARNING * * *
The Executioner hits you!
* * * LOW HITPOINT WARNING * * *
The Executioner closely misses you.
The Executioner hits you but does no damage.
You are too injured to fight recklessly!
You are too injured to fight recklessly!
You are too injured to fight recklessly!
You are too injured to fight recklessly!
You fail to use your ability.
You block the Executioner's attack.
The Executioner hits you but does no damage.
The Executioner barely misses you. The Executioner hits you.
* * * LOW HITPOINT WARNING * * *
You block the Executioner's attack.
The Executioner hits you but does no damage.
The small abomination barely misses you.
You block the large abomination's attack.
The Executioner hits you but does no damage. x2
The Executioner hits you.
You feel much better. The Executioner gestures at you.
You easily resist.
You block the Executioner's attack.
The Executioner hits you but does no damage.
You block the Executioner's attack. The small abomination hits you.
The large abomination barely misses you.
You block the small abomination's attack.
The Executioner gestures at you.
You easily resist.
You fail to use your ability.
You block the Executioner's attack.
The Executioner hits you but does no damage.
You block the Executioner's attack. x2; The Executioner barely misses you.
You block the Executioner's attack.
You block the small abomination's attack.
The large abomination hits you!!
* * * LOW HITPOINT WARNING * * *
The Executioner hits you.
* * * LOW HITPOINT WARNING * * *
The Executioner barely misses you. You block the Executioner's attack.
You are too injured to fight recklessly!
You are too injured to fight recklessly!
You are too injured to fight recklessly!
You feel much better. You block the Executioner's attack.
The Executioner hits you but does no damage.
You block the Executioner's attack. The Executioner completely misses you.
You block the Executioner's attack.
The Executioner hits you but does no damage.
The small abomination hits you! The large abomination hits you!!
* * * LOW HITPOINT WARNING * * *
You block the Executioner's attack. The Executioner hits you.
* * * LOW HITPOINT WARNING * * *
The Executioner misses you.
Your magical essence is drained by the effort!
You feel much better. The Executioner closely misses you.
You block the Executioner's attack.
The Executioner hits you but does no damage.
The small abomination hits you. The Executioner hits you. x2
The Executioner hits you but does no damage.
The small abomination hits you but does no damage.
The large abomination hits you!
* * * LOW HITPOINT WARNING * * *
You block the Executioner's attack. The Executioner hits you.
* * * LOW HITPOINT WARNING * * *
The Executioner hits you but does no damage.
Your magical essence is drained by the effort!
You feel much better. You block the Executioner's attack.
The Executioner hits you but does no damage. x2
The Executioner hits you! You block the Executioner's attack. x2
You block the small abomination's attack.
The Executioner hits you!!
* * * LOW HITPOINT WARNING * * *
The Executioner hits you but does no damage. x2
The large abomination hits you!!
You die...

≈#§.§.# ≈§ § ###
# .§.≈ #.# .§§§
##.##
#≈###.≈.#..###
### §§ ..≈#.
#..# ...# ≈≈≈
###.####..## #
.# #.#..1X..##
#. #..x@# .. #
#...#...#X.##.#.
.
....#.#....#.##.
. .##..##..
..#..#. . #...
.#..#.#.#.. . .
## #####. ##.. .
# # .. #.##.# ..
##. # # .#.. . .
. # .. .....


You could see an Executioner, 2 large abominations and a small abomination.

Vanquished Creatures
  A deep elf knight (Bailey)
  8 deep elf magi (Bailey)
  3 large abominations (Abyss:2)
  A smoke demon (Abyss:1)
  An ice devil (Abyss:1)
  3 trolls
  A hippogriff (D:9)
  A vampire (D:9)
  Duvessa (D:7)
  A black bear (D:8)
  3 ice beasts
  3 orc warriors
  A phantom (D:4)
  An eye of draining (D:9)
  2 ogres
  2 wolves (D:8)
  2 centaurs
  A crocodile (D:8)
  Blork the orc (D:4)
  A big kobold (D:7)
  2 bullfrogs (D:6)
  Dowan (D:7)
  5 howler monkeys
  3 electric eels (D:8)
  A bullfrog zombie (D:8)
  2 centaur zombies
  2 quasits
  4 crimson imps
  2 orc priests (D:7)
  10 hounds
  3 jellies
  3 bullfrog skeletons
  7 orc wizards
  2 iguanas
  Jessica (D:2)
  6 worker ants
  A mummy (D:7)
  Robin (D:4)
  6 gnolls
  12 adders
  2 oozes
  An adder zombie (D:9)
  2 adder skeletons
  3 worms
  6 dart slugs
  2 leopard geckos
  32 orcs
  4 giant cockroaches
  10 goblins
  9 hobgoblins
  18 jackals
  9 kobolds
  4 quokkas
  A ball python (D:2)
  6 bats
  7 frilled lizards
  A jackal skeleton (D:4)
  8 rats
237 creatures vanquished.

Vanquished Creatures (others)
  2 deep elf magi (Bailey)
  An orc warrior (D:7)
  A centaur (D:6)
  An ooze (D:7)
  An orc (D:7)
  A jackal (D:7)
  A goblin (D:8)
  A kobold (D:7)
  A lurking horror (Abyss:1)
  4 starspawn tentacles (Abyss:1)
14 creatures vanquished.

Grand Total: 251 creatures vanquished

Notes
Turn   | Place    | Note
-------+----------+-------------------------------------------
     0 | D:1      | EnegeticOcto the Deep Dwarf Fighter began the quest for the
                  | Orb.
     0 | D:1      | Reached XP level 1. HP: 20/20 MP: 1/1
   178 | D:1      | Reached XP level 2. HP: 27/27 MP: 2/2
   612 | D:2      | Reached XP level 3. HP: 26/33 MP: 3/3
   619 | D:2      | Reached skill level 3 in Axes
   619 | D:2      | Reached skill level 1 in Dodging
   686 | D:2      | Noticed Jessica
   692 | D:2      | Killed Jessica
   692 | D:2      | Reached XP level 4. HP: 41/42 MP: 4/4
  1539 | D:3      | Reached XP level 5. HP: 21/49 MP: 5/5
  1549 | D:3      | Reached skill level 4 in Axes
  1737 | D:3      | Found a shimmering altar of Xom.
  1739 | D:3      | Found an ancient bone altar of Kikubaaqudgha.
  1739 | D:3      | Found a radiant altar of Vehumet.
  1878 | D:4      | Found a shimmering altar of Xom.
  1900 | D:4      | Reached XP level 6. HP: 45/56 MP: 6/6
  1949 | D:4      | Identified the +1 helmet "Gesastya" {rC- rCorr Str+5 Dex+3}
  1949 | D:4      | Noticed Robin
  1955 | D:4      | Killed Robin
  1956 | D:4      | Found Jit Ojiy's Assorted Antiques.
  2009 | D:4      | Bought a scroll labeled OHEBITORPHA for 17 gold pieces
  2009 | D:4      | Bought a scroll labeled YXTONU GAERPH for 17 gold pieces
  2011 | D:4      | Found Liem's Weapon Shop.
  2055 | D:4      | Noticed Blork the orc
  2073 | D:4      | Killed Blork the orc
  2073 | D:4      | Reached skill level 5 in Axes
  2103 | D:4      | Reached XP level 7. HP: 44/63 MP: 7/7
  2195 | D:4      | Found Bibrain's Distillery.
  2199 | D:4      | Bought a potion of heal wounds for 65 gold pieces
  2447 | D:4      | Found Taqaec's Book Boutique.
  2447 | D:4      | Found Nuopurr's Magic Scroll Boutique.
  2449 | D:4      | Found the ring of Shadows {Umbra +Inv Stlth+}
  2759 | D:5      | Entered Level 5 of the Dungeon
  2834 | D:5      | Reached skill level 5 in Shields
  2857 | D:5      | Reached skill level 5 in Armour
  3165 | D:5      | Reached skill level 6 in Axes
  3165 | D:5      | Reached skill level 1 in Evocations
  3281 | D:6      | Reached XP level 8. HP: 55/73 MP: 7/9
  3358 | D:6      | Found Kiumn's Assorted Antiques.
  3410 | D:6      | Found a staircase to the Ecumenical Temple.
  3420 | Temple   | Entered the Ecumenical Temple
  3518 | Temple   | Became a worshipper of Makhleb the Destroyer
  3647 | D:6      | Found Veic's General Store.
  3684 | D:6      | Reached skill level 1 in Invocations
  3945 | D:6      | Found Ilimoune's Food Shop.
  4034 | D:7      | Reached skill level 7 in Axes
  4064 | D:7      | Noticed Duvessa
  4064 | D:7      | Noticed Dowan
  4087 | D:7      | Killed Duvessa
  4099 | D:7      | Gained mutation: You passively map the area around you.
                  | [Deep Dwarf growth]
  4099 | D:7      | Reached XP level 9. HP: 64/80 MP: 11/11
  4105 | D:7      | Reached * piety under Makhleb
  4144 | D:7      | Reached skill level 5 in Fighting
  4159 | D:7      | Killed Dowan
  4335 | D:7      | Found an ornate altar of the Wu Jian Council.
  4375 | D:7      | Noticed Prince Ribbit
  4420 | D:7      | Found a snail-covered altar of Cheibriados.
  4647 | D:8      | Reached skill level 5 in Dodging
  4659 | D:8      | Found a flagged portal.
  4668 | Bailey   | Entered a bailey
  4677 | Bailey   | Noticed a deep elf mage
  4697 | Bailey   | Killed a deep elf mage
  4697 | Bailey   | Reached skill level 8 in Axes
  4697 | Bailey   | Reached skill level 5 in Invocations
  4702 | Bailey   | Noticed a deep elf mage
  4712 | Bailey   | Killed a deep elf mage
  4712 | Bailey   | Noticed a deep elf mage
  4726 | Bailey   | Noticed a deep elf mage
  4731 | Bailey   | Noticed a deep elf mage
  4764 | Bailey   | Killed a deep elf mage
  4764 | Bailey   | Reached skill level 5 in Evocations
  4764 | Bailey   | Reached XP level 10. HP: 54/88 MP: 11/11
  4765 | Bailey   | Noticed a deep elf mage
  4774 | Bailey   | Noticed a sun demon
  4775 | Bailey   | Killed a deep elf mage
  4796 | Bailey   | Noticed a sun demon
  4807 | Bailey   | Killed a deep elf mage
  4814 | Bailey   | Killed a deep elf mage
  4849 | Bailey   | Noticed a deep elf knight
  4849 | Bailey   | Noticed a deep elf mage
  4860 | Bailey   | Killed a deep elf knight
  4860 | Bailey   | Reached ** piety under Makhleb
  4860 | Bailey   | Reached skill level 9 in Axes
  4870 | Bailey   | Killed a deep elf mage
  4879 | Bailey   | Identified the Tome of the Sage
  4916 | Bailey   | Noticed a deep elf mage
  4916 | Bailey   | Noticed a deep elf mage
  4916 | Bailey   | Noticed a deep elf mage
  4924 | Bailey   | Killed a deep elf mage
  4960 | Bailey   | Killed a deep elf mage
  4970 | Bailey   | Killed a deep elf mage
  5034 | D:8      | Identified a scroll of acquirement
  5156 | D:8      | Found a staircase to the Lair.
  5203 | D:8      | Reached XP level 11. HP: 57/97 MP: 8/8
  5546 | D:8      | Found an iron altar of Okawaru.
  5986 | D:9      | Reached skill level 10 in Axes
  6042 | D:9      | HP: 1/98 [something (5)]
  6151 | D:9      | Reached *** piety under Makhleb
  6183 | D:9      | Found a staircase to the Orcish Mines.
  6187 | D:9      | Cast into level 1 of the Abyss (gnoll sergeant)
  6289 | Abyss:1  | Noticed a tentacled starspawn
  6386 | Abyss:1  | Noticed a wretched star
  6390 | Abyss:1  | Noticed a starcursed mass
  6397 | Abyss:1  | Paralysed by accursed screaming for 1 turns
  6486 | Abyss:2  | Noticed an Executioner
  6489 | Abyss:2  | Noticed a large abomination
  6496 | Abyss:2  | Killed a large abomination
  6532 | Abyss:2  | Slain by a large abomination

Levels and vault maps discovered:
D:1:      wander_arrival_peaceful_grave, layout_basic, serial_rivers,
          chequers_serial_rivers_small_3, chequers_serial_rivers_micro_c,
          chequers_serial_rivers_micro_a, chequers_serial_rivers_marsh,
          chequers_serial_rivers_large_a
D:2:      layout_loops_ring, eino_tiny_chamber, uniq_jessica
D:3:      layout_loops_cross, grunt_temple_overflow_open
D:4:      kennysheep_six_static_rooms, layout_basic, serial_shops, shop, shop,
          shop, shop, shop, minmay_ruined_shrine, uniq_blork_the_orc, uniq_robin
D:5:      layout_rooms, first_ration
D:6:      layout_basic, minmay_temple_entry_water_ring, serial_shops, shop,
          nicolae_shop_behind_doors, shop, minmay_misc_feat_four_crosses
D:7:      layout_rooms, slow_altar_1, lemuel_crystal_altar, uniq_prince_ribbit1,
          uniq_duvessa
D:8:      layout_loops_cross, okawaru_altar_gauntlet_db, erik_lair_island,
          enter_bailey_2
D:9:      layout_irregular_city, kennysheep_orc_monster_closet_entryway
Temple:   minmay_temple_bridge_d
Abyss:2:  guppyfry_abyss_exit_spiral_guarded

Skill      XL: |  1  2  3  4  5  6  7  8  9 10 11 |
---------------+----------------------------------+-----
Fighting       | 3 4 5 6 |  6.5
Axes           | 3 4 5 6 7 8 9 10 | 10.2
Dodging        | 1 2 3 4 5 6 |  6.8
Armour         | 4 5 6 7 |  7.9
Shields        | 4 5 6 7 |  7.8
Evocations     | 1 3 5 6 7 |  7.0
Invocations    | 3 6 8 9 |  9.2

Action                   |  1- 3 |  4- 6 |  7- 9 | 10-12 || total
-------------------------+-------+-------+-------+-------++-------
Melee: War axe           |    65 |   278 |   587 |   337 ||  1267
       Demon blade       |       |       |       |    82 ||    82
 Abil: Heal Wounds       |     1 |     4 |    16 |    48 ||    69
       Evoke Invisibilit |       |       |     3 |       ||     3
  Use: Scroll            |       |     6 |     8 |     7 ||    21
       Potion            |       |       |     1 |     1 ||     2
 Stab: Invisible         |       |       |    18 |       ||    18
  Eat: Chunk             |       |    23 |     3 |     6 ||    32
Armor: Scale mail        |    31 |   170 |       |       ||   201
       Plate armour      |       |    18 |   245 |   334 ||   597
Dodge: Dodged            |    15 |   110 |   153 |   235 ||   513
Block: Shield            |    36 |   174 |   483 |   555 ||  1248
       Reflection        |       |       |    14 |    13 ||    27
       Rpst.: Demon blade |       |       |       |    22 ||    22
